 Dungeon Crawl Stone Soup version 0.24.0-13-gcf9b319 (webtiles) character file.

Game seed: 2174043884380079618, levelgen mode: deterministic

343 Boetheseconed the Insei (level 6, -13/47 HPs)
             Began as a Demonspawn Monk on Dec 1, 2019.
             Mangled by Menkaure (15 damage)
             ... on level 3 of the Dungeon.
             The game lasted 00:08:55 (2184 turns).

Boetheseconed the Insei (Demonspawn Monk)           Turns: 2184, Time: 00:08:55

Health: -13/47     AC:  9    Str: 11    XL:     6   Next: 31%
Magic:  6/6        EV: 15    Int: 12    God:
Gold:   120        SH:  0    Dex: 19    Spells: 5/5 levels left

rFire    . . .     SeeInvis .     - Unarmed
rCold    . . .     Gourm    .   (no shield)
rNeg     . . .     Faith    .   a - +0 robe
rPois    .         Spirit   .   (helmet restricted)
rElec    .         Reflect  .   q - +0 cloak
rCorr    .         Harm     .   c - +2 pair of gloves
MR       .....                  (no boots)
Stlth    +++.......             (no amulet)
HPRegen  0.15/turn              e - +1 ring of protection
MPRegen  0.10/turn              (no ring)

@: no status effects
A: horns 2, iridescent scales 1, agile 1
a: no special abilities


You were on level 3 of the Dungeon.
You were not hungry.

You visited 1 branch of the dungeon, and saw 3 of its levels.

You collected 120 gold pieces.

Inventory:

Armour
 a - a +0 robe (worn)
 c - a +2 pair of gloves (worn)
 q - a +0 cloak (worn)
Jewellery
 e - a +1 ring of protection (left hand)
Wands
 p - a wand of disintegration (12)
Scrolls
 g - 3 scrolls of teleportation {unknown}
 h - 2 scrolls of random uselessness {unknown}
 i - 3 scrolls of remove curse {unknown}
 j - a scroll of identify {unknown}
 m - a scroll of immolation {unknown}
Potions
 f - a potion of mutation
 k - a potion of curing
 l - a potion of flight {unknown}
 n - a potion of cancellation
Comestibles
 b - 2 rations
 o - a chunk of flesh


   Skills:
 + Level 3.6 Fighting
 + Level 4.0 Dodging
 + Level 3.1 Stealth
 + Level 4.8 Unarmed Combat


You had 5 spell levels left.
You didn't know any spells.
Your spell library was empty.

Dungeon Overview and Level Annotations

Branches:
Dungeon (3/15)

Altars:
Kikubaaqudgha
Xom
Yredelemnul

Annotations:
D:3 Menkaure


Innate Abilities, Weirdness & Mutations

You have a pair of horns on your head.
You are partially covered in iridescent scales. (AC +2)
You are agile. (Dex +2)


Message History

Menkaure breathes soot at you.
The phantom blinks!
You see here a giant club.
There is a transporter here.
You enter the transporter and appear at another place.
Menkaure hits you.
* * * LOW HITPOINT WARNING * * *
The quokka zombie bites you.
* * * LOW HITPOINT WARNING * * *
It was a potion of brilliance.
You feel clever all of a sudden. Menkaure misses you.
The quokka zombie bites you but does no damage.
Menkaure barely misses you.
It was a potion of cancellation.
Your magical effects are unravelling.
You feel magically purged.
You feel a little less clever now. The quokka zombie closely misses you.
Menkaure hits you!
You die...

#################
#...............#
#.#############.#
#.#...........#.#
#.#..........[#.#
#.#(.###.###.$#.#
##.#..#8#.#8#._#.##
#..#..........%#Z.##
..©#.....©....W#@..#
...#..........:#M..#
...#..#8#.#8#.M#...#
...#..###.###.$#..##
...#..........)#..#
...#..........§#..#
...#############..#
..................#
.......#.#######..#


You could see a phantom, Menkaure, a mummy and a quokka zombie.

Vanquished Creatures
  Sigmund (D:3)
  A bullfrog (D:3)
  A scorpion (D:2)
  2 adders (D:3)
  An ooze (D:1)
  An adder zombie (D:3)
  A worm (D:3)
  2 leopard geckos (D:1)
  2 orcs (D:3)
  4 giant cockroaches
  4 goblins
  5 hobgoblins
  4 jackals (D:1)
  A quokka (D:2)
  A ball python (D:1)
  8 bats
  4 frilled lizards
  A jackal skeleton (D:3)
  7 kobolds
  10 rats
61 creatures vanquished.

Notes
Turn   | Place    | Note
-------+----------+-------------------------------------------
     0 | D:1      | Boetheseconed the Demonspawn Monk began the quest for the
                  | Orb.
     0 | D:1      | Reached XP level 1. HP: 18/18 MP: 1/1
   127 | D:1      | Gained mutation: You have a pair of small horns on your
                  | head. [demonic ancestry]
   127 | D:1      | Reached XP level 2. HP: 20/24 MP: 2/2
   367 | D:1      | Reached XP level 3. HP: 23/29 MP: 3/3
  1132 | D:2      | Noticed a scorpion
  1157 | D:2      | Gained mutation: You have a pair of horns on your head.
                  | [potion of mutation]
  1157 | D:2      | Gained mutation: You are agile. (Dex +2) [potion of
                  | mutation]
  1160 | D:2      | Killed a scorpion
  1160 | D:2      | Reached XP level 4. HP: 20/35 MP: 4/4
  1601 | D:3      | Noticed a bullfrog
  1612 | D:3      | Killed a bullfrog
  1612 | D:3      | Gained mutation: You are partially covered in iridescent
                  | scales. (AC +2) [demonic ancestry]
  1612 | D:3      | Reached XP level 5. HP: 19/41 MP: 5/5
  1990 | D:3      | Noticed a phantom
  1991 | D:3      | Found a transporter.
  1991 | D:3      | Found an ancient bone altar of Kikubaaqudgha.
  1991 | D:3      | Found a transporter.
  2001 | D:3      | Noticed Menkaure
  2008 | D:3      | Found a basalt altar of Yredelemnul.
  2079 | D:3      | Noticed Sigmund
  2081 | D:3      | Killed Sigmund
  2081 | D:3      | Reached XP level 6. HP: 47/47 MP: 6/6
  2082 | D:3      | Found a shimmering altar of Xom.
  2182 | D:3      | HP: 2/47 [quokka zombie (3)]
  2184 | D:3      | Mangled by Menkaure

Levels and vault maps discovered:
D:1:      dpeg_arrival_long_road, layout_basic, minmay_tetromino_i4
D:2:      layout_loops_cross
D:3:      layout_rooms, gammafunk_temple_of_torment, grunt_ministairs_6,
          xom_teletrap_fun, uniq_sigmund

Skill      XL: |  1  2  3  4  5 |
---------------+----------------+-----
Unarmed Combat | 3 4 |  4.8
Stealth        | 2 3 |  3.1
Dodging        | 3 4 |  4.0
Fighting       | |  3.6

Action                   |  1- 3 |  4- 6 || total
-------------------------+-------+-------++-------
Melee: Unarmed           |   137 |    79 ||   216
       Headbutt          |    12 |    17 ||    29
       Punch             |       |     4 ||     4
Evoke: Wand              |       |     3 ||     3
  Use: Potion            |     3 |     2 ||     5
 Stab: Sleeping          |     6 |     1 ||     7
       Distracted        |     1 |     1 ||     2
  Eat: Chunk             |     1 |     3 ||     4
Armor: Robe              |    30 |    23 ||    53
       Skin              |     2 |       ||     2
Dodge: Dodged            |    91 |    56 ||   147
